[Event "Titled Tuesday Blitz July 05 Late 2022"]
[White "Salem, A.R. Saleh"]
[Black "Halkias, Stelios"]
[WhiteFideId "9301348"]
[BlackFideId "4201809"]
[WhiteElo "2679"]
[BlackElo "2453"]
[Result "0-1"]
[Round "08"]
[TimeControl "180+1"]
[Date "2022.07.05"]
[WhiteClock "0:00:02"]
[BlackClock "0:00:18"]

1. d4 Nf6 2. c4 e6 3. Nc3 Bb4 4. e3 O-O 5. Bd3 d5 6. Nf3 c5 7. O-O dxc4 8. Bxc4 Nbd7 9. a3 Ba5 10. Qd3 a6 11. dxc5 Bxc3 12. Qxc3 Nxc5 13. b4 Nce4 14. Qb3 b5 15. Bd3 Bb7 16. Bb2 Bd5 17. Qd1 Bc4 18. Ne5 Rc8 19. Nxc4 bxc4 20. Bc2 c3 21. Bc1 Qb6 22. Qe2 Rfd8 23. Rd1 Rxd1+ 24. Qxd1 Rd8 25. Qe2 Nd2 26. h3 h5 27. Qe1 Qc6 28. a4 Qc4 29. Ba3 Nd5 30. b5 axb5 31. axb5 Qxb5 32. Bc1 Nb4 33. Bd1 Qf5 34. Qe2 Ne4 35. Bb3 c2 36. Bxc2 Nc3 37. Bxf5 Nxe2+ 38. Kf1 Nxc1 39. Bxe6 Rd1# 0-1


[Site "https://www.chess.com"]

[Event "Titled Tuesday Blitz July 05 Late 2022"]
[White "Samsonkin, Artiom"]
[Black "Omariev, Maksim"]
[WhiteFideId "13503111"]
[BlackFideId "4193423"]
[WhiteElo "2513"]
[BlackElo "2456"]
[Result "1-0"]
[Round "08"]
[TimeControl "180+1"]
[Date "2022.07.05"]
[WhiteClock "0:00:36"]
[BlackClock "0:00:01"]

1. d4 d5 2. Bf4 Nf6 3. e3 c5 4. Nf3 Nc6 5. c3 Qb6 6. Qc2 g6 7. Nbd2 Bf5 8. dxc5 Qxc5 9. Qb3 O-O-O 10. Bb5 Bg7 11. Bxc6 Qxc6 12. Ne5 Qe6 13. Qa3 Ne4 14. Nxe4 Bxe5 15. Ng5 Qf6 16. Bxe5 Qxe5 17. Nxf7 Qe4 18. Nxh8 Qxg2 19. Qc5+ Kb8 20. Qxe7 Qxh1+ 21. Kd2 Qxa1 22. Qxd8+ Bc8 23. Qd6+ Ka8 24. Qb4 Qf1 25. Qf8 Kb8 26. Qf4+ Ka8 27. Nf7 Qh3 28. Nd6 1-0


[Site "https://www.chess.com"]

[Event "Titled Tuesday Blitz July 05 Late 2022"]
[White "Sanal, Vahap"]
[Black "Hakobyan, Aram"]
[WhiteFideId "6300545"]
[BlackFideId "13306677"]
[WhiteElo "2574"]
[BlackElo "2557"]
[Result "0-1"]
[Round "08"]
[TimeControl "180+1"]
[Date "2022.07.05"]
[WhiteClock "0:00:01"]
[BlackClock "0:00:19"]

1. d4 Nf6 2. Nf3 d5 3. e3 e6 4. Be2 Be7 5. O-O O-O 6. b3 b6 7. Bb2 Bb7 8. c4 dxc4 9. bxc4 c5 10. Nbd2 Nbd7 11. Rc1 Rc8 12. Bd3 Qc7 13. Bb1 Rfd8 14. Qe2 Nf8 15. Nb3 cxd4 16. Nbxd4 a6 17. Nb3 Ng4 18. Rfd1 Bxf3 19. Qxf3 Qxh2+ 20. Kf1 Ne5 21. Qe4 Rxd1+ 22. Rxd1 Nxc4 23. Bd4 Rd8 24. Ke2 Qh5+ 25. g4 Qd5 26. Rc1 b5 27. Rh1 Qxe4 28. Bxe4 g6 29. Bb7 Nd6 30. Bf3 Nd7 31. Na5 Bf8 32. Nc6 Re8 33. Rc1 Nc4 34. Rd1 Nc5 35. Bf6 Na4 36. Rd7 Bg7 37. g5 Nc3+ 38. Kf1 Nxa2 39. Ne7+ Kh8 40. Nc6 Bxf6 41. gxf6 Rf8 42. Nd8 Kg8 43. Bg4 Ne5 44. Bxe6 Nxd7 0-1


[Site "https://www.chess.com"]

[Event "Titled Tuesday Blitz July 05 Late 2022"]
[White "Barria Santos, Jose Guilherme"]
[Black "Korchmar, Vasiliy"]
[WhiteFideId "1939300"]
[BlackFideId "24131750"]
[WhiteElo "2263"]
[BlackElo "2370"]
[Result "1-0"]
[Round "08"]
[TimeControl "180+1"]
[Date "2022.07.06"]
[WhiteClock "0:00:46"]
[BlackClock "0:01:48"]

1. c4 c6 2. e4 d5 3. exd5 cxd5 4. d4 Nf6 5. Nc3 g6 6. cxd5 Nxd5 7. Qb3 Nxc3 8. Bc4 e6 9. bxc3 Nc6 10. Nf3 Bd7 11. Be2 Na5 12. Qc2 Rc8 13. O-O Bg7 14. Ba3 Bf8 15. Bc1 Bc6 16. Ne5 Bd5 17. Bb5+ Nc6 18. c4 Bxg2 19. Kxg2 Qxd4 20. Bb2 Qh4 21. h3 Bd6 22. Nf3 Qf4 23. Bxh8 Ke7 24. Bb2 g5 25. Qd2 Qf5 26. Rad1 Rd8 27. Bxc6 g4 28. Qg5+ Qxg5 29. Nxg5 bxc6 30. Rxd6 Rxd6 31. Ba3 c5 32. Bxc5 gxh3+ 33. Kxh3 f6 34. Ne4 e5 35. Rd1 Ke6 36. Rxd6+ Kf5 37. f3 Kg6 38. Rxf6+ Kg7 39. Bf8+ Kg8 40. Bh6 a5 41. Rf8# 1-0


[Site "https://www.chess.com"]

[Event "Titled Tuesday Blitz July 05 Late 2022"]
[White "Sargsyan, Anna M."]
[Black "Deac, Bogdan-Daniel"]
[WhiteFideId "13308130"]
[BlackFideId "1226380"]
[WhiteElo "2271"]
[BlackElo "2648"]
[Result "0-1"]
[Round "08"]
[TimeControl "180+1"]
[Date "2022.07.05"]
[WhiteClock "0:00:03"]
[BlackClock "0:00:50"]

1. d4 Nf6 2. c4 e6 3. Nf3 d5 4. Nc3 dxc4 5. e4 Bb4 6. Bg5 h6 7. Bxf6 Qxf6 8. Bxc4 c5 9. O-O O-O 10. Nb5 a6 11. Nd6 cxd4 12. e5 Qe7 13. Nxc8 Rxc8 14. Qxd4 Nd7 15. Rfd1 Rc7 16. Bb3 Rac8 17. h3 Bc5 18. Qg4 Ba7 19. Rf1 Bb8 20. Rfe1 Rc5 21. Qd4 Nf8 22. Rad1 Qc7 23. h4 Ng6 24. g3 b5 25. Qd7 Qb6 26. Kg2 a5 27. h5 Nf8 28. Qd4 Qb7 29. a3 a4 30. Ba2 Rc2 31. Bb1 Ba7 32. Qd3 Rxf2+ 33. Kh3 Qxf3 34. Qxf3 Rxf3 0-1


[Site "https://www.chess.com"]

[Event "Titled Tuesday Blitz July 05 Late 2022"]
[White "Shimanov, Aleksandr"]
[Black "Martinez Alcantara, Jose Eduardo"]
[WhiteFideId "4198603"]
[BlackFideId "3805662"]
[WhiteElo "2605"]
[BlackElo "2703"]
[Result "1-0"]
[Round "08"]
[TimeControl "180+1"]
[Date "2022.07.05"]
[WhiteClock "0:00:17"]
[BlackClock "0:00:17"]

1. b3 d5 2. Bb2 Nf6 3. Nf3 c6 4. h3 g6 5. d4 Bg7 6. e3 O-O 7. c4 c5 8. dxc5 Qa5+ 9. Nbd2 Rd8 10. a3 Qxc5 11. b4 Qc7 12. Rc1 Qd7 13. Be2 Nc6 14. O-O a6 15. Qb3 Qe8 16. cxd5 Nxd5 17. Bxg7 Kxg7 18. Rfd1 Nf6 19. Qb2 Kg8 20. Nb3 Rxd1+ 21. Rxd1 Bf5 22. Bc4 b5 23. Be2 Ne4 24. Nfd4 Rc8 25. Bf3 Nxd4 26. Rxd4 Nd6 27. Nc5 a5 28. Bd5 axb4 29. axb4 Bd7 30. e4 Bc6 31. Bb3 Rd8 32. Qd2 Ra8 33. Kh2 Qb8 34. Qf4 Nc4 35. Qxb8+ Rxb8 36. Bxc4 bxc4 37. Rxc4 Bb5 38. Rd4 Ra8 39. Rd2 f6 40. f3 Kf7 41. Rb2 g5 42. Kg3 h5 43. h4 Rg8 44. hxg5 fxg5 45. Rd2 h4+ 46. Kf2 Bc6 47. Rc2 Bb5 48. Rd2 Bc6 49. Ke3 Ra8 50. Nd3 Kf6 51. Kd4 Bb5 52. Nf2 Rd8+ 53. Ke3 Ra8 54. Ng4+ Kg6 55. Kf2 Bc4 56. Ne5+ Kh5 57. Nxc4 g4 58. fxg4+ Kxg4 59. Ne5+ Kf4 60. Nf3 h3 61. gxh3 Ra3 62. Ng1 Kxe4 63. Rb2 Kd5 64. b5 Ra8 65. b6 Rb8 66. h4 Kc4 67. Nf3 e5 68. Nxe5+ Kc3 69. Rb1 Rf8+ 70. Nf3 Re8 71. b7 Rb8 72. h5 Kc2 73. Rb6 Kc3 74. h6 Rg8 75. h7 Rh8 76. b8=Q Rxh7 77. Qe5+ Kd3 78. Qd4+ 1-0


[Site "https://www.chess.com"]

[Event "Titled Tuesday Blitz July 05 Late 2022"]
[White "Sjugirov, Sanan"]
[Black "Bilych, Olexiy"]
[WhiteFideId "4189302"]
[BlackFideId "14156504"]
[WhiteElo "2609"]
[BlackElo "2189"]
[Result "0-1"]
[Round "08"]
[TimeControl "180+1"]
[Date "2022.07.05"]
[WhiteClock "0:01:12"]
[BlackClock "0:00:34"]

1. e4 e5 2. Nf3 Nc6 3. Bb5 a6 4. Ba4 Nf6 5. O-O Be7 6. d3 b5 7. Bb3 O-O 8. a4 Bb7 9. Nc3 Na5 10. Nxe5 Nxb3 11. cxb3 b4 12. Ne2 d5 13. exd5 Qxd5 14. Nf3 c5 15. d4 Rad8 16. Be3 cxd4 17. Nexd4 Ng4 18. Qc2 Nxe3 19. fxe3 Rfe8 20. Rad1 Bf6 21. Nf5 Qc6 22. Qxc6 Bxc6 23. Rxd8 Rxd8 24. N3d4 Bd5 25. Rc1 g6 26. Ng3 Bxd4 27. exd4 Bxb3 28. a5 Rxd4 29. Rc6 Bc4 30. Kf2 Bb5 31. Rc2 b3 32. Rc8+ Kg7 33. Ke3 Rd3+ 34. Kf4 Rd2 35. Ne4 Rxb2 36. g4 Re2 37. Nc3 b2 0-1


[Site "https://www.chess.com"]

[Event "Titled Tuesday Blitz July 05 Late 2022"]
[White "Souleidis, Georgios"]
[Black "Voege, Tobias"]
[WhiteFideId "4206827"]
[BlackFideId "1270513"]
[WhiteElo "2401"]
[BlackElo "2379"]
[Result "1-0"]
[Round "08"]
[TimeControl "180+1"]
[Date "2022.07.06"]
[WhiteClock "0:00:20"]
[BlackClock "0:00:08"]

1. e4 e6 2. d4 d5 3. exd5 Nf6 4. Nf3 Nxd5 5. c4 Nb6 6. Nc3 c5 7. Be3 cxd4 8. Qxd4 Qxd4 9. Nxd4 Na6 10. Be2 Be7 11. O-O O-O 12. Rac1 e5 13. Ndb5 Be6 14. b3 Rfd8 15. Bf3 Nc5 16. Bxc5 Bxc5 17. Bxb7 Rab8 18. Bf3 Rd7 19. Rfd1 Re7 20. Nd5 Rd7 21. Nxb6 axb6 22. Rxd7 Bxd7 23. Rd1 Bf5 24. g4 Bg6 25. Rd7 e4 26. Be2 e3 27. f3 f5 28. h3 fxg4 29. hxg4 Be8 30. Rd1 Bxb5 31. cxb5 Ra8 32. a4 Kf8 33. Kg2 Ke7 34. f4 h6 35. Kf3 Rd8 36. Rb1 Rd2 37. b4 Bd4 38. a5 Ra2 39. a6 Kd6 40. Rc1 Kd5 41. Rc8 Ra1 42. Rd8+ 1-0


[Site "https://www.chess.com"]

[Event "Titled Tuesday Blitz July 05 Late 2022"]
[White "Swiercz, Dariusz"]
[Black "Andreikin, Dmitry"]
[WhiteFideId "1126881"]
[BlackFideId "4158814"]
[WhiteElo "2627"]
[BlackElo "2736"]
[Result "0-1"]
[Round "08"]
[TimeControl "180+1"]
[Date "2022.07.05"]
[WhiteClock "0:00:03"]
[BlackClock "0:00:21"]

1. d4 d5 2. c4 e6 3. Nf3 Nf6 4. g3 Bb4+ 5. Bd2 Be7 6. Bg2 O-O 7. O-O c6 8. Qc2 Nbd7 9. a4 Ne4 10. a5 Nxd2 11. Nbxd2 f5 12. Rfc1 a6 13. e3 Bd6 14. Nb3 Nf6 15. cxd5 exd5 16. Ne5 Ng4 17. Qc3 h5 18. f4 h4 19. Bf3 Rf6 20. h3 Bxe5 21. dxe5 Rh6 22. hxg4 fxg4 23. Bg2 hxg3 24. Qe1 Qh4 25. Nd4 Bd7 26. Ra3 Rf8 27. Ne2 Qh2+ 28. Kf1 Rh3 29. Nd4 g5 30. Qd2 Rh7 31. e6 Bc8 32. f5 Bxe6 33. e4 dxe4 34. Qxg5+ Rg7 35. Qxg7+ Kxg7 36. Nxe6+ Kg8 37. Nxf8 Qh6 38. Re1 Qf4+ 39. Ke2 Qf2+ 40. Kd1 Qxg2 41. Ne6 Qf2 42. Rb3 g2 43. Rxb7 Qxe1+ 44. Kxe1 g1=Q+ 45. Ke2 Qg2+ 46. Ke1 e3 0-1


[Site "https://www.chess.com"]

[Event "Titled Tuesday Blitz July 05 Late 2022"]
[White "Tikhonov, Viacheslav"]
[Black "Bjelobrk, Igor"]
[WhiteFideId "44196407"]
[BlackFideId "4300726"]
[WhiteElo "1839"]
[BlackElo "2335"]
[Result "1-0"]
[Round "08"]
[TimeControl "180+1"]
[Date "2022.07.06"]
[WhiteClock "0:00:04"]
[BlackClock "0:00:01"]

1. d4 Nf6 2. Bf4 e6 3. e3 c5 4. c3 cxd4 5. exd4 b6 6. Nf3 Bb7 7. Be2 Nc6 8. O-O Ne7 9. Bd6 Ne4 10. Ba3 Ng6 11. Bxf8 Nxf8 12. Nbd2 Nf6 13. Bd3 Ng6 14. Re1 O-O 15. a4 a6 16. Bxg6 hxg6 17. Qb3 Rb8 18. Ne5 d6 19. Nec4 Bd5 20. Qb4 Ne8 21. a5 b5 22. Nb6 Bc6 23. Rad1 Nf6 24. b3 Qc7 25. c4 bxc4 26. bxc4 Nd7 27. c5 dxc5 28. dxc5 Nf6 29. Ndc4 Qf4 30. Qd2 Qg4 31. f3 Qh5 32. Re5 Qh4 33. Qd4 Qxd4+ 34. Rxd4 Rfd8 35. Rxd8+ Rxd8 36. Nd6 Ne8 37. Nbc8 Nxd6 38. Ne7+ Kf8 39. Nxc6 Rc8 40. Na7 Ra8 41. cxd6 Rxa7 42. Rc5 Ke8 43. Rc6 Kd7 44. Rb6 e5 45. Kf2 Ke6 46. Ke3 Kd5 47. g3 f5 48. h4 Kc5 49. d7 Rxd7 50. Rxa6 Kc4 51. Rxg6 Rd3+ 52. Ke2 Ra3 53. a6 f4 54. gxf4 exf4 55. Re6 Ra2+ 56. Kf1 Kd3 57. h5 Ra1+ 58. Kg2 Ra2+ 59. Kh3 Rf2 60. Kg4 1-0


[Site "https://www.chess.com"]

[Event "Titled Tuesday Blitz July 05 Late 2022"]
[White "Todorovic, Bojan"]
[Black "Tica, Sven"]
[WhiteFideId "917087"]
[BlackFideId "14526948"]
[WhiteElo "2266"]
[BlackElo "2346"]
[Result "0-1"]
[Round "08"]
[TimeControl "180+1"]
[Date "2022.07.06"]
[WhiteClock "0:00:02"]
[BlackClock "0:00:15"]

1. Nf3 g6 2. c4 Bg7 3. Nc3 d6 4. g3 e5 5. Bg2 f5 6. d3 Nf6 7. O-O O-O 8. Rb1 a5 9. a3 c6 10. b4 axb4 11. axb4 h6 12. b5 Be6 13. Nd2 d5 14. bxc6 bxc6 15. cxd5 cxd5 16. Rb5 Nc6 17. e3 e4 18. Nb3 d4 19. Nxd4 Nxd4 20. exd4 Rc8 21. Bb2 exd3 22. d5 Bd7 23. Rb3 Rb8 24. Ba3 Rxb3 25. Qxb3 Re8 26. Qc4 d2 27. Qd3 Qa5 28. Bb2 Ne4 29. Nxe4 fxe4 30. Qb3 Ba4 31. Qa2 Bxb2 32. Qxb2 d1=Q 33. Rxd1 Bxd1 34. Qf6 Bh5 35. d6 Qd8 36. Qd4 Re6 37. Bxe4 Qxd6 38. Bd5 Kh7 0-1


[Site "https://www.chess.com"]

[Event "Titled Tuesday Blitz July 05 Late 2022"]
[White "Toncheva, Nadya"]
[Black "Noboa Silva, Kevin"]
[WhiteFideId "2924056"]
[BlackFideId "3618471"]
[WhiteElo "1888"]
[BlackElo "2172"]
[Result "0-1"]
[Round "08"]
[TimeControl "180+1"]
[Date "2022.07.06"]
[WhiteClock "0:00:02"]
[BlackClock "0:00:12"]

1. e4 e6 2. d4 d5 3. Nd2 a6 4. Ngf3 c5 5. exd5 exd5 6. dxc5 Bxc5 7. Bd3 Nf6 8. O-O O-O 9. Re1 Nc6 10. Nb3 Bd6 11. h3 h6 12. Be3 Re8 13. Nbd4 Bc7 14. c3 Qd6 15. Qc2 Bd7 16. Bf5 Ne4 17. Bxd7 Qxd7 18. Rad1 Rad8 19. Nxc6 bxc6 20. Qa4 Qc8 21. c4 Qb7 22. cxd5 cxd5 23. Rc1 Bb8 24. Bd4 Re6 25. Rc2 Rde8 26. Rec1 Bf4 27. Rd1 Nd6 28. Qc6 Qb4 29. g3 Rc8 30. Qxc8+ Nxc8 31. Rxc8+ Kh7 32. gxf4 Rg6+ 33. Kh2 Qa4 34. Re1 Re6 35. Rg1 Rg6 36. Re1 Rc6 37. Ra8 Qxa2 38. Ree8 Re6 39. Rh8+ Kg6 40. Nh4+ Kh5 41. Rag8 Qc4 42. Be3 Rg6 43. Nf3 Qe4 44. Ne5 Qg2# 0-1


[Site "https://www.chess.com"]

[Event "Titled Tuesday Blitz July 05 Late 2022"]
[White "Vlassov, Nikolai"]
[Black "Boder, Jan"]
[WhiteFideId "4103360"]
[BlackFideId "16243226"]
[WhiteElo "2324"]
[BlackElo "2064"]
[Result "0-1"]
[Round "08"]
[TimeControl "180+1"]
[Date "2022.07.06"]
[WhiteClock "0:00:06"]
[BlackClock "0:00:17"]

1. e4 e5 2. Bc4 Nf6 3. d3 Nc6 4. Nf3 Bc5 5. Bg5 O-O 6. Nc3 h6 7. Bh4 Be7 8. Qe2 d6 9. h3 a6 10. a4 Be6 11. g4 Bxc4 12. dxc4 Nxe4 13. Bxe7 Nxc3 14. Bxd8 Nxe2 15. Bxc7 Ned4 16. Nxd4 Nxd4 17. O-O-O Rfc8 18. Bxd6 Rxc4 19. Bxe5 Nxc2 20. Kb1 Rac8 21. Rd7 Rxa4 22. b3 Re4 23. Bb2 b5 24. Rhd1 Nb4 25. Rd8+ Rxd8 26. Rxd8+ Kh7 27. Rd7 Re1+ 28. Bc1 Kg6 29. Kb2 Re2+ 30. Bd2 Rxf2 31. Kc3 a5 32. h4 Rf3+ 33. Kb2 Rd3 34. h5+ Kh7 35. Rxd3 Nxd3+ 36. Kc2 Nb4+ 37. Kc3 g6 38. Kd4 f5 39. gxf5 gxh5 40. Kc5 Nd3+ 41. Kxb5 h4 42. Kc4 h3 43. Kxd3 h2 44. Bxa5 h1=Q 45. b4 Qd5+ 46. Kc3 Qb5 47. f6 Kg6 48. Bd8 Kf7 49. Be7 h5 50. Kd4 h4 51. Bd6 h3 52. Be5 Qxb4+ 53. Kd5 Qb5+ 54. Kd4 Qc6 0-1


[Site "https://www.chess.com"]

[Event "Titled Tuesday Blitz July 05 Late 2022"]
[White "Wachinger, Nikolas"]
[Black "Rios Escobar, Adan"]
[WhiteFideId "12962791"]
[BlackFideId "3403645"]
[WhiteElo "2253"]
[BlackElo "2483"]
[Result "1-0"]
[Round "08"]
[TimeControl "180+1"]
[Date "2022.07.06"]
[WhiteClock "0:00:10"]
[BlackClock "0:00:02"]

1. d4 Nf6 2. Nf3 g6 3. c4 Bg7 4. e3 O-O 5. Be2 d6 6. Nc3 b6 7. O-O c5 8. d5 Nbd7 9. a4 a6 10. Re1 Ne8 11. e4 Nc7 12. Bg5 Rb8 13. Qd2 Ne5 14. Nxe5 Bxe5 15. Bd3 Bd7 16. Qe2 f6 17. Be3 Bxc3 18. bxc3 b5 19. axb5 axb5 20. cxb5 Nxb5 21. Qd2 Qc7 22. Bc4 Rb7 23. f4 Be8 24. e5 Bf7 25. exf6 exf6 26. f5 Rfb8 27. Bh6 Qd7 28. Re6 Qd8 29. fxg6 hxg6 30. Rf1 f5 31. Bg5 Qf8 32. Rf6 Nc7 33. Bh6 Qd8 34. Qg5 Kh7 35. Rxf7+ Kg8 36. Qxg6+ Kh8 37. Rh7# 1-0


[Site "https://www.chess.com"]

[Event "Titled Tuesday Blitz July 05 Late 2022"]
[White "Winkels, Marcel"]
[Black "Prydun, Andriy"]
[WhiteFideId "1003887"]
[BlackFideId "14145898"]
[WhiteElo "1900"]
[BlackElo "2063"]
[Result "0-1"]
[Round "08"]
[TimeControl "180+1"]
[Date "2022.07.06"]
[WhiteClock "0:00:01"]
[BlackClock "0:00:02"]

1. e4 e6 2. d4 d5 3. e5 c5 4. c3 Nc6 5. Nf3 Qb6 6. Be2 Nge7 7. dxc5 Qxc5 8. b4 Qb6 9. O-O Nf5 10. Bd3 g6 11. Bg5 Bg7 12. Nbd2 Nxe5 13. Bxf5 gxf5 14. Nxe5 Bxe5 15. Rc1 Bd7 16. Re1 Bd6 17. Bf6 Rg8 18. Nf3 Rg6 19. Bd4 f6 20. Bxb6 axb6 21. Nd4 Kf7 22. Qe2 e5 23. Nf3 b5 24. Rcd1 Bc6 25. Nh4 Rg5 26. g3 f4 27. Qc2 e4 28. Rxe4 fxg3 29. hxg3 Bxg3 30. fxg3 dxe4 31. Qb3+ Ke7 32. Kh2 Rag8 33. Rg1 Rd8 34. c4 Rd3 35. Qc2 Rd4 36. Rd1 Rxc4 37. Qd2 Rd5 38. Qe1 Re5 39. Rd2 Rxb4 40. Re2 Rc4 41. Ng2 Rh5+ 42. Kg1 Re5 43. Ne3 Rcc5 44. Qf2 b4 45. Rc2 Rxc2 46. Nxc2 Rd5 47. Ne3 Rd3 48. Kg2 Ke6 49. Kh3 Ke7 50. Kg4 Kf7 51. Kf4 Rd4 52. Nf5 Rd3 53. Qc5 Rf3+ 54. Kg4 Ke6 55. Qe7+ Kd5 56. Qd6+ Kc4 57. Qd4+ Kb5 58. Nd6+ Ka6 59. Qxb4 Rd3 60. Qc4+ Ka7 61. Qc5+ Ka6 62. Nxe4 Bxe4 63. Qc4+ b5 64. Qxe4 Rd6 65. Qe7 Rc6 66. Qd7 Rc4+ 67. Kf5 Ra4 68. Kxf6 Rxa2 69. Ke7 Ra4 70. Qc8+ Ka5 71. Qc6 Kb4 0-1


[Site "https://www.chess.com"]

[Event "Titled Tuesday Blitz July 05 Late 2022"]
[White "Zakarian, David"]
[Black "Dardha, Arben"]
[WhiteFideId "13301276"]
[BlackFideId "4700481"]
[WhiteElo "2416"]
[BlackElo "2196"]
[Result "1/2-1/2"]
[Round "08"]
[TimeControl "180+1"]
[Date "2022.07.06"]
[WhiteClock "0:00:12"]
[BlackClock "0:00:11"]

1. e4 c5 2. Nf3 Nc6 3. Bb5 g6 4. O-O Bg7 5. c3 Nf6 6. d4 Nxe4 7. d5 Nb8 8. Re1 Nd6 9. Bd3 O-O 10. Bf4 Nf5 11. Bxf5 gxf5 12. Be5 d6 13. Bxg7 Kxg7 14. c4 e5 15. dxe6 fxe6 16. Nc3 Nc6 17. Nb5 d5 18. cxd5 exd5 19. Qc1 a6 20. Nc3 d4 21. Ne2 Qd6 22. Qg5+ Qg6 23. Qf4 Be6 24. Qd6 Rad8 25. Qxc5 Rd5 26. Qa3 Qh6 27. Nf4 Qxf4 28. Rxe6 Rf7 29. Rd1 Ne5 30. Nxe5 Rxe5 31. Rd6 Re2 32. Qg3+ Qxg3 33. hxg3 Rxb2 34. a4 f4 35. R6xd4 fxg3 36. Rg4+ Kh6 37. Rxg3 Rfxf2 38. Rd4 Rf5 39. Rh4+ Rh5 40. Rd4 Rf5 41. Rd6+ Kh5 42. Rd7 h6 43. Rd4 Rg5 44. Rh3+ Kg6 45. Rd6+ Kf5 46. Rhxh6 Rgxg2+ 47. Kf1 Rgf2+ 48. Ke1 Rfe2+ 49. Kd1 Rg2 50. Rhf6+ Ke5 51. Rfe6+ Kf4 52. Rf6+ Kg3 53. Rg6+ Kh2 54. Rxg2+ Kxg2 55. Kc1 Rb4 56. a5 Kf3 57. Re6 Rb5 58. Re7 Kf4 59. Kc2 Kf5 60. Kc3 Kf6 61. Rc7 Ke6 62. Kc4 Kd6 63. Rh7 Rxa5 64. Rxb7 Kc6 65. Rf7 Ra4+ 66. Kb3 Rh4 67. Rf6+ Kb5 68. Rf5+ Kb6 69. Rf6+ Kb5 70. Rf5+ Kb6 71. Rf6+ Kb5 1/2-1/2


[Site "https://www.chess.com"]

[Event "Titled Tuesday Blitz July 05 Late 2022"]
[White "Zhigalko, Sergei"]
[Black "So, Wesley"]
[WhiteFideId "13502956"]
[BlackFideId "5202213"]
[WhiteElo "2662"]
[BlackElo "2763"]
[Result "1-0"]
[Round "08"]
[TimeControl "180+1"]
[Date "2022.07.05"]
[WhiteClock "0:00:06"]
[BlackClock "0:00:01"]

1. e4 e5 2. Nf3 Nc6 3. Bc4 Bc5 4. b4 Bxb4 5. c3 Ba5 6. d4 d6 7. Qb3 Qd7 8. O-O Bb6 9. Nbd2 Na5 10. Qc2 Nxc4 11. Nxc4 f6 12. a4 Qc6 13. Qe2 a6 14. d5 Qd7 15. Nxb6 cxb6 16. Ba3 Nh6 17. Rfb1 Qc7 18. Nd2 Nf7 19. Nc4 b5 20. axb5 O-O 21. b6 Qe7 22. Ne3 g6 23. c4 Bd7 24. c5 dxc5 25. Rc1 Rfc8 26. Qc2 Bb5 27. Bxc5 Qd7 28. Qb3 Kg7 29. Qb4 h5 30. h3 Bd3 31. Rc3 Qb5 32. Qxb5 Bxb5 33. Rac1 Bd7 34. d6 Bc6 35. Nd5 Bxd5 36. exd5 Rd8 37. Ba3 Nxd6 38. Rc7+ Kh6 39. Bxd6 Rxd6 40. Rxb7 Rxd5 41. Rc6 Kg5 42. h4+ Kxh4 43. Rxf6 Kg5 44. Rc6 Rg8 45. Rbc7 Rb5 46. b7 Rb8 47. Rg7 R8xb7 48. Rgxg6+ Kf5 49. Rxa6 Rb1+ 50. Kh2 R1b2 51. Rad6 e4 52. Rdf6+ Ke5 53. Rf8 Re7 54. Rg5+ Kd4 55. Rxh5 e3 56. Rh4+ Kd3 57. Rh3 Kd4 58. Rf4+ Kd5 59. Rxe3 Rxe3 60. fxe3 Ke5 61. Kg3 Rb1 62. Kf2 Rb2+ 63. Kf3 Rb1 64. g3 Rf1+ 65. Ke2 Rg1 66. Kf2 Ra1 67. g4 Ra2+ 68. Kf3 Ra1 69. Rf5+ Ke6 70. e4 Rf1+ 71. Ke2 Rg1 72. g5 Rg3 73. Kf2 Rg4 74. Kf3 Rg1 75. Kf4 Rf1+ 76. Kg4 Re1 77. Rf4 Ke5 78. Rf8 1-0


[Site "https://www.chess.com"]

[Event "Titled Tuesday Blitz July 05 Late 2022"]
[White "Zhou, Qiyu"]
[Black "Mikhalsky, Vladimir"]
[WhiteFideId "505161"]
[BlackFideId "14144352"]
[WhiteElo "1925"]
[BlackElo "2301"]
[Result "0-1"]
[Round "08"]
[TimeControl "180+1"]
[Date "2022.07.06"]
[WhiteClock "0:00:09"]
[BlackClock "0:00:16"]

1. e4 g6 2. d4 Bg7 3. Nc3 d6 4. Be3 a6 5. f3 b5 6. Qd2 b4 7. Nce2 c5 8. c3 bxc3 9. bxc3 cxd4 10. cxd4 Nc6 11. Nc3 Nf6 12. Bc4 O-O 13. Nge2 Na5 14. Bd3 Qc7 15. O-O Nc4 16. Bxc4 Qxc4 17. Rfc1 Qe6 18. Nf4 Qd7 19. Ncd5 Nxd5 20. Nxd5 Ra7 21. Rc2 e6 22. Nb6 Qb7 23. Rb1 Bd7 24. Rb3 Bb5 25. d5 exd5 26. Nxd5 Rc8 27. Rxc8+ Qxc8 28. Bxa7 Qc4 29. Qe1 Qc2 30. Qb1 Qe2 31. Rb2 Bxb2 32. Bf2 Be5 33. f4 Bg7 34. Qe1 Qxa2 35. Ne7+ Kh8 36. e5 dxe5 37. fxe5 Qe6 38. Bc5 Qxe5 39. Qxe5 Bxe5 40. Nc8 Kg7 41. Nb6 Bc7 42. Nd5 Bd8 43. Nc3 Bc6 44. Kf2 a5 45. Ke3 a4 46. Ba3 Ba5 47. Bb2 Kg8 48. g3 a3 49. Ba1 Bb4 50. Na2 Bc5+ 51. Kf4 Bd6+ 52. Ke3 Bb5 53. Nc3 Bc6 54. Ne2 Bd5 55. Nd4 Be6 56. Nc6 Bc5+ 57. Kf3 Bd5+ 0-1


[Site "https://www.chess.com"]

[Event "Titled Tuesday Blitz July 05 Late 2022"]
[White "Zhukova, Natalia"]
[Black "Sanchez Alvares, Kelvin Antonio"]
[WhiteFideId "14101513"]
[BlackFideId "3906680"]
[WhiteElo "2296"]
[BlackElo "2193"]
[Result "1/2-1/2"]
[Round "08"]
[TimeControl "180+1"]
[Date "2022.07.06"]
[WhiteClock "0:00:06"]
[BlackClock "0:00:04"]

1. c4 e5 2. Nc3 Nc6 3. Nf3 Nf6 4. e4 Bb4 5. d3 d6 6. a3 Bxc3+ 7. bxc3 h6 8. g3 Bg4 9. Bg2 Qd7 10. O-O O-O 11. Rb1 b6 12. Qc2 Ne7 13. Nh4 Ng6 14. Nf5 Rad8 15. d4 Rfe8 16. h3 Bxf5 17. exf5 Ne7 18. g4 Nh7 19. Rd1 Qc8 20. Be3 c5 21. a4 Nc6 22. d5 Na5 23. Qe2 Qd7 24. Rb5 Kh8 25. Be4 f6 26. h4 Rb8 27. Rdb1 Rb7 28. f3 Reb8 29. Bc2 Qe7 30. Kg2 Kg8 31. Kg3 e4 32. Bxe4 Qe5+ 33. Bf4 Qxc3 34. Bxd6 Re8 35. Bf4 Qxc4 36. Qxc4 Nxc4 37. d6 Rxe4 38. fxe4 Rd7 39. Rd1 Nf8 40. Rb3 Kf7 41. g5 hxg5 42. hxg5 fxg5 43. Bxg5 Nh7 44. Bf4 Nf6 45. e5 Nh5+ 46. Kf3 Nxf4 47. Kxf4 Rd8 48. e6+ Kf6 49. d7 g6 50. Rc3 Ne5 51. Re3 g5+ 52. Kg3 Nc6 53. Rd6 Ne7 54. Rf3 Nxf5+ 55. Kg4 Ke7 56. Rxf5 Kxd6 57. Rf6 Ke7 58. Kxg5 c4 59. Kf5 c3 60. Rf7+ Kd6 61. Kf6 c2 62. e7 Rxd7 63. e8=Q Rxf7+ 64. Qxf7 c1=Q 65. Qe7+ Kd5 66. Qd7+ Ke4 67. Qe6+ Kd4 68. Qd6+ Ke3 69. Qe5+ Kd3 70. Qd6+ Kc2 71. Qc7+ Kb2 72. Qxa7 Qc3+ 73. Ke6 Qa5 74. Qb7 Kb3 75. Kd6 Qc5+ 76. Kd7 Kxa4 77. Qa6+ Kb4 78. Qa1 Qd5+ 79. Kc7 Qc4+ 80. Kb7 Qc5 81. Qb2+ Kc4 82. Qc2+ Kd5 83. Qf5+ Kd4 84. Qf2+ Kc4 85. Qc2+ Kb4 86. Qb2+ Kc4 87. Qc2+ 1/2-1/2


[Site "https://www.chess.com"]

[Event "Titled Tuesday Blitz July 05 Late 2022"]
[White "Aggelis, Nikolaos"]
[Black "Silva, Miguel Antonio Neto"]
[WhiteFideId "4213220"]
[BlackFideId "1911929"]
[WhiteElo "2154"]
[BlackElo "2223"]
[Result "1/2-1/2"]
[Round "09"]
[TimeControl "180+1"]
[Date "2022.07.06"]
[WhiteClock "0:00:02"]
[BlackClock "0:00:19"]

1. Nf3 d5 2. g3 Nf6 3. Bg2 e6 4. d4 Be7 5. O-O O-O 6. c4 dxc4 7. Na3 c5 8. Nxc4 Nc6 9. dxc5 Qxd1 10. Rxd1 Bxc5 11. Nfe5 Nxe5 12. Nxe5 h6 13. b3 a5 14. Bb2 a4 15. Rac1 Be7 16. Rc7 Bd8 17. Bxb7 Bxc7 18. Bxa8 Ba6 19. Bf3 axb3 20. axb3 Rb8 21. Nc6 Rxb3 22. Bxf6 gxf6 23. Rd7 Be5 24. Nd8 Rb2 25. Nxf7 Bxe2 26. Nxh6+ Kf8 27. Bxe2 Rxe2 28. h4 Ke8 29. Rd3 Kf8 30. Ng4 Bb2 31. Rd7 Rc2 32. Kg2 f5 33. Ne3 Rc6 34. Kf3 Bc1 35. h5 Bxe3 36. Kxe3 Kg8 37. Kf4 Rc2 38. f3 Rc3 39. h6 Kh8 40. Re7 Rc6 41. Kg5 Rc3 42. Kg6 Rc8 43. Rxe6 Rg8+ 44. Kxf5 Rxg3 45. f4 Kh7 46. Ke5 Re3+ 47. Kd6 Rf3 48. Ke5 Re3+ 49. Kf5 Rf3 50. Kg4 Rf1 51. f5 Rg1+ 52. Kf4 Rf1+ 53. Ke5 Re1+ 54. Kd6 Rf1 55. f6 Kxh6 56. f7+ Kg7 57. Re7 Rf6+ 58. Kd7 Rxf7 59. Rxf7+ Kxf7 1/2-1/2


[Site "https://www.chess.com"]